 Dungeon Crawl Stone Soup version 0.20.1-1-g8b1a95d (console) character file.

910 toffzen the Conjurer (level 7, -3/50 HPs)
             Began as a White Draconian Fire Elementalist on Nov 20, 2017.
             Slain by Natasha (8 damage)
             ... on level 4 of the Dungeon on Nov 21, 2017.
             The game lasted 00:21:53 (6269 turns).

toffzen the Conjurer (DrFE)                         Turns: 6269, Time: 00:21:54

Health: -3/50      AC:  9    Str: 14    XL:     7   Next: 81%
Magic:  7/12       EV: 12    Int: 17    God:
Gold:   136        SH:  0    Dex: 12    Spells: 5/13 levels left

rFire    + . .     SeeInvis .   q - +0 whip
rCold    . . .     Gourm    .   (no shield)
rNeg     . . .     Faith    .   (armour unavailable)
rPois    .         Spirit   .   (helmet restricted)
rElec    .         Reflect  .   (no cloak)
rCorr    .         Harm     .   B - +2 pair of gloves of Aheh {*Drain MR++ Str+4}
MR       +++..                  (no boots)
Stlth    ++........             (no amulet)
Regen    0.2/turn               m - ring of protection from magic
MPRegen  0.2/turn               n - ring of fire (curse)

@: short of breath
A: breathe frost, unfitting armour, cold resistance 1, cold-blooded, AC +6
a: Breathe Frost


You were on level 4 of the Dungeon.
You were not hungry.

You visited 1 branch of the dungeon, and saw 5 of its levels.

You collected 136 gold pieces.

Inventory:

Hand Weapons
 q - a +0 whip (weapon)
 x - a +0 trident
Missiles
 f - 125 stones (quivered)
 h - 15 sling bullets
 p - 27 poisoned needles
Armour
 B - the +2 pair of gloves of Aheh (worn) {*Drain MR++ Str+4}
   (You found it on level 5 of the Dungeon)

   It affects your strength (+4).
   It affects your resistance to hostile enchantments.
   It causes draining when unequipped.
Jewellery
 m - a ring of protection from magic (left hand)
 n - a cursed ring of fire (right hand)
Scrolls
 c - a scroll of fear
 e - a scroll of noise {unknown}
 j - 4 scrolls of teleportation
 k - a scroll of enchant weapon {unknown}
 v - a scroll of recharging {unknown}
 A - a scroll of fog {unknown}
 C - a scroll of enchant armour {unknown}
Potions
 b - 3 potions of degeneration
 d - a potion of berserk rage {unknown}
 i - 3 potions of might
 l - 2 potions of agility
 o - a potion of mutation
 s - a potion of invisibility
 w - a potion of curing {unknown}
 z - 2 potions of heal wounds {unknown}
Books
 a - a book of Flames

   Spells                             Type                      Level
   a - Flame Tongue                   Conjuration/Fire             1
   b - Throw Flame                    Conjuration/Fire             2
   c - Conjure Flame                  Conjuration/Fire             3
   d - Inner Flame                    Hexes/Fire                   3
   e - Sticky Flame                   Conjuration/Fire             4
   f - Fireball                       Conjuration/Fire             5
 r - a book of Minor Magic

   Spells                             Type                      Level
   a - Magic Dart                     Conjuration                  1
   b - Blink                          Translocation                2
   c - Call Imp                       Summoning                    2
   d - Slow                           Hexes                        2
   e - Conjure Flame                  Conjuration/Fire             3
   f - Mephitic Cloud                 Conjuration/Poison/Air       3
 t - a book of Maledictions

   Spells                             Type                      Level
   a - Corona                         Hexes                        1
   b - Ensorcelled Hibernation        Hexes/Ice                    2
   c - Confuse                        Hexes                        3
   d - Tukima's Dance                 Hexes                        3
   e - Dazzling Spray                 Conjuration/Hexes            3
 y - a book of Misfortune

   Spells                             Type                      Level
   a - Confusing Touch                Hexes                        1
   b - Confuse                        Hexes                        3
   c - Gell's Gravitas                Translocation                3
   d - Petrify                        Transmutation/Earth          4
   e - Metabolic Englaciation         Hexes/Ice                    5
   f - Yara's Violent Unravelling     Hexes/Transmutation          5
Comestibles
 g - 4 meat rations
 u - a royal jelly


   Skills:
 - Level 1.7 Dodging
 - Level 1.7 Stealth
 + Level 3.9 Spellcasting
 * Level 5.8 Conjurations
 * Level 5.2 Fire Magic


You had 5 spell levels left.
You knew the following spells:

 Your Spells              Type           Power        Failure   Level  Hunger
a - Flame Tongue          Conj/Fire      ####.        1%          1    None
b - Conjure Flame         Conj/Fire      ####....     4%          3    ###....
c - Sticky Flame          Conj/Fire      ####....     16%         4    ####...


Dungeon Overview and Level Annotations

Branches:
Dungeon (5/15)
 Temple: D:4-7

Altars:
Dithmenos
Elyvilon

Annotations:
D:4 Natasha
D:5 dscm's ghost, novice TrHu


Innate Abilities, Weirdness & Mutations

You can breathe waves of freezing cold.
You can buffet flying creatures when you breathe cold.
Your icy white scales are hard. (AC +6)
You cannot fit into any form of body armour.
Your flesh is cold resistant. (rC+)
You are cold-blooded and may be slowed by cold attacks.


Message History

Natasha drinks a potion.
Natasha flickers and vanishes!
Deactivating autopickup; reactivate with Ctrl-A.
You start resting.
You hear some strange, mumbled words.
A shadow imp comes into view.
Press: ? - help, Shift-Dir - straight line, f - shadow imp
Aim: a shadow imp (summoned)
You exhale a wave of freezing cold.
The freezing breath misses the shadow imp.
You feel somewhat more hungry.
Casting: Flame Tongue
Confirm with . or Enter, or press ? or * to list all spells.
Aiming: Flame Tongue
Press: ? - help, Shift-Dir - straight line, f/p - shadow imp
Aim: a shadow imp (summoned)
You feel a surge of power!
The flame tongue hits something.
Something claws you!
* * * LOW HITPOINT WARNING * * *
Something claws you!
You die...

#####.......#...##.........'.....
....#......##...##.........#.....
....#......#..........######.....
....#......#..........##...#.....
[...'......#...............#.....
.####......#....##.........#.....
##.........#....##.......<.#.....
#.........#..........##...#.....
#.........#....@.....##...##....
#.........#.....{....#..o..#....
##.........#.....>5...#...).#.)..
...........#..........'.....#....
...........#..........#.....#....
...........#############....#....
.......................#....#....
.......................#....#....
....###'###............'....#....


You could see a shadow imp.

Vanquished Creatures
  Eustachio (D:5)
  The ghost of dscm the Shield-Bearer, an amateur DsFi (D:4)
  An ogre (D:4)
  2 crimson imps (D:5)
  A bullfrog zombie (D:4)
  2 hounds
  An orc priest (D:4)
  4 orc wizards (D:4)
  Natasha (D:4)
  3 worker ants (D:4)
  A hound skeleton (D:5)
  3 adders
  A river rat (D:3)
  An ooze (D:2)
  2 worms (D:2)
  A leopard gecko (D:3)
  13 orcs
  A ball python (D:3)
  5 bats
  7 giant cockroaches
  7 goblins
  8 hobgoblins
  5 jackals
  A quokka (D:3)
  3 frilled lizards
  A jackal skeleton (D:4)
  8 kobolds
  17 rats
102 creatures vanquished.

Notes
Turn   | Place    | Note
-------+----------+-------------------------------------------
     0 | D:1      | toffzen the Draconian Fire Elementalist began the quest for the Orb.
     0 | D:1      | Reached XP level 1. HP: 14/14 MP: 3/3
   526 | D:1      | Reached XP level 2. HP: 20/20 MP: 1/5
  1351 | D:2      | Reached XP level 3. HP: 26/26 MP: 0/6
  1417 | D:2      | Learned a level 3 spell: Conjure Flame
  1945 | D:2      | Found a white marble altar of Elyvilon.
  1946 | D:2      | Found a shadowy altar of Dithmenos.
  2818 | D:3      | Reached XP level 4. HP: 30/33 MP: 1/7
  3571 | D:4      | Learned a level 4 spell: Sticky Flame
  3685 | D:4      | Reached XP level 5. HP: 36/38 MP: 5/9
  4095 | D:4      | Noticed dscm's ghost (amateur DsFi)
  4403 | D:4      | Reached XP level 6. HP: 45/45 MP: 6/10
  4532 | D:4      | HP: 1/45 [dscm's ghost (11)]
  5485 | D:4      | Killed dscm's ghost
  5485 | D:4      | Reached skill level 5 in Fire Magic
  5606 | D:4      | Your scales start taking on an icy white colour.
  5606 | D:4      | Reached XP level 7. HP: 40/50 MP: 7/12
  5606 | D:4      | Gained mutation: Your flesh is cold resistant. (rC+) [White Draconian growth]
  5666 | D:4      | Reached skill level 5 in Conjurations
  5771 | D:4      | Noticed Natasha
  5780 | D:4      | Killed Natasha
  5933 | D:5      | Entered Level 5 of the Dungeon
  5968 | D:5      | Got a pair of pitted gloves
  5974 | D:5      | Identified the +2 pair of gloves of Aheh {*Drain MR++ Str+4} (You found it on level 5 of the Dungeon)
  6067 | D:5      | Noticed Eustachio
  6094 | D:5      | Killed Eustachio
  6094 | D:5      | Reached skill level 5 in Fire Magic
  6202 | D:5      | Noticed dscm's ghost (novice TrHu)
  6264 | D:4      | Noticed Natasha
  6269 | D:4      | Slain by Natasha

Skill      XL: |  1  2  3  4  5  6  7 |
---------------+----------------------+-----
Conjurations   | 2 3 4 5 |  5.8
Fire Magic     | 4 4 5 |  5.2
Spellcasting   | 3 |  3.9
Dodging        | |  1.7
Stealth        | |  1.7

Action                   |  1- 3 |  4- 6 |  7- 9 || total
-------------------------+-------+-------+-------++-------
Melee: Unarmed           |    34 |     4 |       ||    38
       Tailslap          |     2 |     2 |     1 ||     5
       Whip              |       |     9 |     9 ||    18
Throw: Stone             |     1 |     1 |       ||     2
 Cast: Flame Tongue      |    99 |   119 |    36 ||   254
       Conjure Flame     |     2 |       |       ||     2
 Abil: Breathe Frost     |       |       |     7 ||     7
  Use: Scroll            |       |     5 |     1 ||     6
  Eat: Chunk             |     6 |     2 |     1 ||     9
       Fruit             |     1 |       |       ||     1
       Bread ration      |       |     2 |     1 ||     3
Armor: Skin              |    13 |    14 |    13 ||    40
Dodge: Dodged            |    35 |    39 |    36 ||   110
